 Dungeon Crawl Stone Soup version 0.23.2-40-g277498a001 (webtiles) character file.

Game seed: 14239231229389642025

36 Descartes the Sneak (level 3, 0/25 HPs)
             Began as a Formicid Air Elementalist on Aug 31, 2019.
             Succumbed to an adder's poison
             ... on level 2 of the Dungeon.
             The game lasted 00:03:59 (1552 turns).

Descartes the Sneak (Formicid Air Elementalist)     Turns: 1552, Time: 00:04:00

Health: 0/25       AC:  2    Str: 12    XL:     3   Next: 57%
Magic:  6/6        EV: 12    Int: 15    God:
Gold:   29         SH:  0    Dex: 11    Spells: 5/6 levels left

rFire    . . .     SeeInvis +   i - +0 dagger
rCold    . . .     Gourm    .   (no shield)
rNeg     . . .     Faith    .   a - +0 robe
rPois    .         Spirit   .   (helmet unavailable)
rElec    .         Reflect  .   (no cloak)
rCorr    .         Harm     .   (no gloves)
MR       .....                  (no boots)
Stlth    ++........             (no amulet)
HPRegen  0.08/turn              (no ring)
MPRegen  0.10/turn              (no ring)

@: lethally poisoned (0 -> -4)
A: permanent stasis, dig shafts and tunnels, four strong arms, antennae 3
a: Dig, Shaft Self


You were on level 2 of the Dungeon.
You were not hungry.

You visited 1 branch of the dungeon, and saw 2 of its levels.

You collected 29 gold pieces.

Inventory:

Hand Weapons
 i - a +0 dagger (weapon)
Missiles
 b - 3 tomahawks (quivered)
 e - 22 arrows
 f - 2 stones
Armour
 a - a +0 robe (worn)
Scrolls
 d - a scroll of identify {unknown}
 g - 2 scrolls of teleportation {unknown}
 h - a scroll of immolation {unknown}
Comestibles
 c - 3 rations


   Skills:
 + Level 0.7 Fighting
 + Level 0.9 Armour
 + Level 2.0 Dodging
 + Level 2.7 Stealth
 - Level 0.3 Unarmed Combat
 + Level 2.4 Spellcasting
 + Level 1.3 Conjurations
 + Level 2.6 Air Magic


You had 5 spell levels left.
You knew the following spells:

 Your Spells              Type           Power        Failure   Level  Hunger
a - Shock                 Conj/Air       #...         10%         1    #......

Your spell library contained the following spells:

 Spells                   Type           Power        Failure   Level  Hunger
 Swiftness                Chrm/Air       #.......     19%         2    ###....
 Static Discharge         Conj/Air       #.......     28%         3    ###....
 Airstrike                Air            #.........   58%         4    #####..
 Lightning Bolt           Conj/Air       #.........   95%         5    ######.


Dungeon Overview and Level Annotations

Branches:
Dungeon (2/15)

Altars:


Innate Abilities, Weirdness & Mutations

You cannot be hasted, slowed, berserked, paralysed or teleported.
You can dig through walls and to a lower floor.
Your four strong arms can wield two-handed weapons with a shield.
You have a pair of large antennae on your head. (SInv)


Message History

Confirm with . or Enter, or press ? or * to list all spells.
You can't see any susceptible monsters within range! (Use Z to cast anyway.) Unknown command.
There is a lethal amount of poison in your body!
Casting: Shock (safe; 10% risk of failure)
Confirm with . or Enter, or press ? or * to list all spells.
You don't know that spell.
There is a lethal amount of poison in your body!
There is a lethal amount of poison in your body!
* * * LOW HITPOINT WARNING * * *
You feel sick.
Unknown command.
It was a potion of magic.
Magic courses through your body.
* * * LOW HITPOINT WARNING * * *
You feel sick.
* * * LOW HITPOINT WARNING * * *
You feel sick.
* * * LOW HITPOINT WARNING * * *
You feel sick.
You die...

##########
........@#######
...#####........
...#####..#####>
.............#
...#####..##.# #
#####..##.##.#
..............#
##########รท######
#.)<...#


There were no monsters in sight!

Vanquished Creatures
  An adder (D:2)
  A worm (D:2)
  6 bats (D:1)
  A giant cockroach (D:1)
  4 goblins
  3 hobgoblins (D:1)
  5 kobolds (D:1)
  A ball python (D:1)
  2 frilled lizards
  2 rats (D:1)
26 creatures vanquished.

Notes
Turn   | Place    | Note
-------+----------+-------------------------------------------
     0 | D:1      | Descartes the Formicid Air Elementalist began the quest for
                  | the Orb.
     0 | D:1      | Reached XP level 1. HP: 13/13 MP: 3/3
   161 | D:1      | Reached skill level 1 in Conjurations
   215 | D:1      | Reached XP level 2. HP: 7/19 MP: 1/5
  1106 | D:1      | Reached XP level 3. HP: 25/25 MP: 4/6
  1549 | D:2      | HP: 1/25 [poisoned by an adder]
  1552 | D:2      | Succumbed to an adder's poison

Skill      XL: |  1  2 |
---------------+-------+-----
Conjurations   | 1 |  1.3
Dodging        | 2 |  2.0
Fighting       | |  0.7
Armour         | |  0.9
Stealth        | |  2.7
Unarmed Combat | |  0.3
Spellcasting   | |  2.4
Air Magic      | |  2.6

Action                   || total
-------------------------++-------
Melee: Unarmed           ||    32
       Dagger            ||    43
 Cast: Shock             ||    40
  Use: Potion            ||     1
  Eat: Chunk             ||     3
Armor: Robe              ||    23
Dodge: Dodged            ||    58
